AoeStats
← Tsimentopoulos

Arabia

509595543Analyzed
2v2 RM · 6d ago on Sep 27, 2026· 34m 40s· 4 players
Game mode
Random Map
Map size
Medium (4 player)
Population
200
Speed
Normal
Resources
Standard
Victory
Conquest
Starting age
Dark Age
Ending age
Imperial Age
RankedLock teamsTeams togetherTeam positionsShared explorationLock speedFull tech treeHidden civsTurbo modeCheats
Victory
Defeat
🇭🇰 Persians · Hong Kong SAR China
1012
+19
🇧🇾 Vikings · Belarus
990
+19
🇬🇷 Mongols · Greece
1104
-20
🇬🇷 Vikings · Greece
1036
-18
code monkey HK
8:09 Loom
10:26 Feudal Age
11:19 Double-Bit Axe
11:30 Horse Collar
16:08 Gold Mining
20:39 Castle Age
21:45 Bow Saw
22:16 Gold Shaft Mining
21:43 Heavy Plow
23:11 Scale Barding Armor
23:17 Forging
24:23 Husbandry
24:50 Stone Mining
24:55 Light Cavalry
27:23 Chain Barding Armor
27:38 Iron Casting
27:23 Bloodlines
Nimo
0:51 Loom
12:23 Feudal Age
13:14 Double-Bit Axe
13:29 Gold Mining
19:26 Castle Age
18:48 Fletching
19:22 Padded Archer Armor
20:47 Crossbowman
23:53 Horse Collar
24:16 Bodkin Arrow
24:49 Bow Saw
25:39 Stone Mining
27:35 Ballistics
28:42 Treadmill Crane
32:11 Gold Shaft Mining
32:18 Forging
32:08 Scale Mail Armor
36:41 Imperial Age
dripped fly lo
12:31 Feudal Age
17:27 Castle Age
16:32 Double-Bit Axe
17:42 Scale Mail Armor
17:56 Forging
18:19 Horse Collar
18:52 Bow Saw
19:46 Man-at-Arms
20:33 Heavy Plow
22:20 Chain Mail Armor
22:41 Iron Casting
24:08 Squires
25:37 Pikeman
27:29 Loom
Tsimentopoulos
7:28 Loom
9:56 Feudal Age
12:00 Forging
14:26 Double-Bit Axe
21:01 Castle Age
21:27 Stone Mining
22:11 Bow Saw
21:43 Horse Collar
22:57 Heavy Plow
25:31 Wheelbarrow
26:15 Husbandry
27:34 Hand Cart
28:31 Bloodlines
31:02 Gold Mining
31:42 Scale Barding Armor
32:39 Gold Shaft Mining
32:54 Iron Casting
34:04 Chain Barding Armor
Connection lost

Rejoining the realm…

Still unreachable

The connection could not be restored.

Session expired

The server has moved on; the page needs a fresh start.